 Dungeon Crawl Stone Soup version 0.29.1-15-g9cfb28693d (webtiles) character file.

Game seed: 10327900125008166828

53 nshep25 the Conjurer (level 3, -6/19 HPs)
             Began as a Deep Elf Conjurer on Feb 27, 2023.
             Mangled by Natasha (8 damage)
             ... on level 2 of the Dungeon.
             The game lasted 00:04:57 (1784 turns).

nshep25 the Conjurer (Deep Elf Conjurer)            Turns: 1784, Time: 00:04:57

Health: -6/19      AC:  3    Str:  4    XL:     3   Next: 64%
Magic:  2/10       EV: 12    Int: 24    God:
Gold:   105        SH:  0    Dex: 13    Spells: 5/9 levels left

rFire   x . .      SeeInvis .   l - +0 rapier
rCold   + . .      Faith    .   (no shield)
rNeg    . . .      Spirit   .   a - +0 robe
rPois   .          Reflect  .   (no helmet)
rElec   .          Harm     .   (no cloak)
rCorr   .          Rampage  .   (no gloves)
Will    .....                   i - +0 pair of boots
Stlth   ++........              (no amulet)
HPRegen 0.06/turn               d - ring of ice
MPRegen 0.12/turn               (no ring)

@: slowed, very slow
A: no striking features
a: no special abilities


You were on level 2 of the Dungeon.
You visited 1 branch of the dungeon, and saw 2 of its levels.

You collected 105 gold pieces.

Inventory:

Hand Weapons
 c - a +0 short sword
 l - a +0 rapier (weapon)
Armour
 a - a +0 robe (worn)
 i - a +0 pair of boots (worn)
Jewellery
 d - a ring of ice (left hand)
Scrolls
 e - a scroll of fear {unknown}
 f - a scroll of amnesia {unknown}
 h - a scroll of acquirement {unknown}
 j - 2 scrolls of teleportation {unknown}
 m - 3 scrolls of noise {unknown}
Potions
 b - a potion of magic
 g - a potion of flight {unknown}
 k - a potion of mutation {unknown}
 n - 2 potions of berserk rage {unknown}
 o - 2 potions of haste {unknown}


   Skills:
 + Level 2.6 Dodging
 + Level 2.6 Stealth
 + Level 3.8 Spellcasting
 + Level 5.3 Conjurations
 + Level 0.4 Ice Magic


You had 5 spell levels left.
You knew the following spells:

 Your Spells              Type           Power      Damage    Failure   Level
a - Magic Dart            Conj           100%       1d8       1%          1
b - Searing Ray           Conj           60%        2d6       1%          2
c - Freeze                Ice            40%        1d6       9%          1

Your spell library contained the following spells:

 Spells                   Type           Power      Damage    Failure   Level
 Dazzling Flash           Conj/Hex       34%        N/A       10%         3
 Stone Arrow              Conj/Erth      34%        3d9       10%         3
 Frozen Ramparts          Ice            20%        1d4       24%         3
 Call Canine Familiar     Summ           4%         N/A       30%         3
 Portal Projectile        Hex/Tloc       8%         N/A       30%         3
 Hailstorm                Conj/Ice       27%        3d7       30%         4
 Fulminant Prism          Conj/Hex       8%         3d7       32%         4
 Iskenderun's Mystic Bla  Conj/Tloc      17%        2d5       32%         4
 Animate Armour           Summ/Erth      8%         N/A       69%         4
 Leda's Liquefaction      Hex/Erth       2%         N/A       69%         4
 Lehudib's Crystal Spear  Conj/Erth      8%         10d4      100%        8


Dungeon Overview and Level Annotations

Branches:
Dungeon (2/15)

Altars:

Annotations:
D:2 Natasha


Message History

Casting: Magic Dart (safe; 1% risk of failure)
Confirm with . or Enter, or press ? or * to list all spells.
Aiming: Searing Ray (safe; 1% risk of failure)
Press: ? - help, Shift-Dir - straight line, f/p - Natasha
Aim: Natasha (74% to hit)
The searing ray misses Natasha. (Press . to maintain the ray.) Natasha howls an incantation.
Natasha glows brightly for a moment.
The searing ray hits Natasha!
Natasha is heavily wounded.
Natasha casts a spell at you. The magic dart hits you!
Ouch! That really hurt!
The searing ray misses Natasha.
Natasha stares at you and mumbles some strange words.
You feel yourself slow down.
The searing ray hits Natasha.
Natasha is severely wounded.
You finish channelling your searing ray.
Natasha casts a spell at you. The magic dart hits you.
* * * LOW HITPOINT WARNING * * *
Natasha drinks a potion.
Natasha is healed!
Casting: Searing Ray (safe; 1% risk of failure)
Confirm with . or Enter, or press ? or * to list all spells.
Aiming: Searing Ray (safe; 1% risk of failure)
Press: ? - help, Shift-Dir - straight line, f/p - Natasha
Aim: Natasha (moderately wounded, 74% to hit)
The searing ray hits Natasha.
Natasha is heavily wounded. (Press . to maintain the ray.) Natasha stares at you and mumbles some strange words.
You resist with some effort.
The searing ray misses Natasha.
Natasha claws you.
* * * LOW HITPOINT WARNING * * *
The searing ray hits Natasha.
Natasha is severely wounded.
Natasha claws you!
You die...

8..†......8#.#
#.######
#)......).##
$.# ### #.#
##8.....8## ...
..# #.#
##.....## #.#
#.# #.# ##8.8##
#># #.# #.#
##+## #.# #.#
#.# #.###.##
#.#
###.##...####.#
#.h@..........#
#$#.##...######
.. #.###.## ..#
#....... ..
......... .
......###.#
#....... .
#.######


You could see Natasha.

Vanquished Creatures
  A worm (D:2)
  2 dart slugs
  8 endoplasms
  4 giant cockroaches
  3 hobgoblins
  3 jackals (D:2)
  A quokka (D:2)
  4 ball pythons
  4 bats
  2 frilled lizards
  5 goblins
  2 kobolds (D:1)
  2 rats
41 creatures vanquished.

Notes
Turn   | Place    | Note
-------+----------+-------------------------------------------
     0 | D:1      | nshep25 the Deep Elf Conjurer began the quest for the Orb.
     0 | D:1      | Reached XP level 1. HP: 10/10 MP: 6/6
   174 | D:1      | Reached XP level 2. HP: 15/15 MP: 1/8
   449 | D:1      | Reached skill level 5 in Conjurations
  1057 | D:1      | Learned a level 1 spell: Freeze
  1060 | D:1      | Learned a level 2 spell: Searing Ray
  1098 | D:2      | Reached XP level 3. HP: 19/19 MP: 6/9
  1230 | D:2      | Found a faded altar of an unknown god.
  1768 | D:2      | Noticed Natasha
  1784 | D:2      | Mangled by Natasha

Illustrated notes

Levels and vault maps discovered:
D:1:      wheals_arrival_linesprint, layout_rooms
D:2:      layout_loops_ring, ebering_ecumenical_altar_box, dk_noncrumbling_4,
          uniq_natasha

Skill      XL: |  1  2 |
---------------+-------+-----
Conjurations   | 5 |  5.3
Dodging        | |  2.6
Stealth        | |  2.6
Spellcasting   | |  3.8
Ice Magic      | |  0.4

Action                   || total
-------------------------++-------
Melee: Rapier            ||     1
 Cast: Magic Dart        ||    67
       Searing Ray       ||     4
       Freeze            ||    10
Armor: Robe              ||     5
Dodge: Dodged            ||    10
